 Dungeon Crawl Stone Soup version 0.22.1-2-g9c5b331 (webtiles) character file.

51651 HoaS the Brawler (level 14, -2/138 HPs)
             Began as a Gargoyle Berserker on Dec 28, 2018.
             Was a High Priest of Trog.
             Splashed by an acid dragon's acid (10 damage)
             ... on level 6 of the Lair of Beasts on Dec 29, 2018.
             The game lasted 01:03:05 (17454 turns).

HoaS the Brawler (Gargoyle Berserker)              Turns: 17454, Time: 01:03:06

Health: -2/138     AC: 41    Str: 32    XL:     14   Next: 60%
Magic:  23/23      EV: 14    Int:  8    God:    Trog [*****.]
Gold:   1045       SH:  0    Dex: 17    Spells: 13/13 levels left

rFire    . . .     SeeInvis .     - Unarmed
rCold    . . .     Gourm    +   (no shield)
rNeg     + . .     Faith    .   o - +10 plate armour "Ropluus" {MP+9 Str+5}
rPois    ∞         Spirit   .   g - +2 helmet
rElec    +         Reflect  .   (no cloak)
rCorr    .         Harm     .   d - +2 pair of gloves
MR       +++..                  L - +2 pair of boots {Stlth+}
Stlth    ..........             C - amulet of the gourmand
HPRegen  1.33/turn              u - +4 ring of dexterity
MPRegen  0.18/turn              z - +3 ring of protection

@: berserking, corroded, flying, regenerating, very quick
A: big wings, negative energy resistance 1, electricity resistance, unbreathing,
petrification resistance, rot immunity, AC +10
a: Stop Flying, Berserk, Trog's Hand, Brothers in Arms, Renounce Religion


You were on level 6 of the Lair of Beasts.
You worshipped Trog.
Trog was extremely pleased with you.
You were very full.

You visited 2 branches of the dungeon, and saw 18 of its levels.

You collected 1279 gold pieces.
You spent 234 gold pieces at shops.

Inventory:

Armour
 d - a +2 pair of gloves (worn)
 g - a +2 helmet (worn)
 o - the +10 plate armour "Ropluus" (worn) {MP+9 Str+5}
   (You found it on level 4 of the Dungeon)

   It affects your strength (+5).
   It affects your magic capacity (+9).
 G - +0 acid dragon scales
 L - a +2 pair of boots of stealth (worn)
Jewellery
 m - an uncursed ring of protection from cold
 u - a +4 ring of dexterity (left hand)
 v - an uncursed ring of resist corrosion
 z - a +3 ring of protection (right hand)
 C - an amulet of the gourmand (around neck)
Wands
 f - a wand of flame (45)
 t - a wand of digging (12)
 y - a wand of iceblast (14)
 D - a wand of paralysis (30)
 E - a wand of enslavement (26)
 F - a wand of random effects (61)
Scrolls
 i - a scroll of fog
 l - 8 scrolls of remove curse
 q - 2 scrolls of identify
 w - 8 scrolls of teleportation
 H - a scroll of enchant armour
Potions
 a - 2 potions of mutation
 c - a potion of berserk rage
 e - 4 potions of heal wounds
 h - 3 potions of flight
 j - 4 potions of invisibility
 k - 3 potions of haste
 n - a potion of ambrosia
 p - 2 potions of resistance
 r - 5 potions of might
 s - 4 potions of curing
 x - 2 potions of agility
 B - a potion of cancellation
 J - a potion of brilliance
Comestibles
 b - 27 rations
 A - 8 chunks of flesh


   Skills:
 + Level 12.6 Fighting
 + Level 12.4 Armour
 + Level 9.7 Dodging
 * Level 15.5 Unarmed Combat


You had 13 spell levels left.
You didn't know any spells.
Your spell library was empty.

Dungeon Overview and Level Annotations

Branches:
Dungeon (12/15)            Temple (0/1) D:7            Lair (6/6) D:9
 Shoals (0/4) Lair:2       Spider (0/4) Lair:3        Slime (0/5) Lair:5
    Orc (0/2) D:11

Altars:
Dithmenos
Fedhas
Gozag

Shops:
D:9 !

Annotations:
D:11 3 runed doors, timruff's ghost, journeyman TrBe
Lair:3 1 runed door, NikiYani's ghost, journeyman DrEE


Innate Abilities, Weirdness & Mutations

You are resistant to torment.
Your stone body is resilient. (AC +10)
You are immune to poison.
Your large and strong wings let you fly indefinitely.
You resist negative energy. (rN+)
You are resistant to electric shocks. (rElec)
You can survive without breathing.
You are immune to petrification.
You are immune to rotting.


Message History

The fire dragon breathes flames at you. The blast of flame hits you!
Ouch! That really hurt!
* * * LOW HITPOINT WARNING * * *
You hit the acid dragon but do no damage.
The acid dragon bites you but does no damage.
The acid dragon closely misses you.
You punch the acid dragon!
You punch the acid dragon, but do no damage.
The acid dragon is heavily wounded.
The acid dragon closely misses you. The acid dragon completely misses you.
A red film seems to cover your vision as you go berserk!
You feel yourself moving faster!
You feel mighty!
You feel a lot less full. The fire dragon breathes flames at you.
The blast of flame hits you!
* * * LOW HITPOINT WARNING * * *
The acid dragon spits acid at you. The splash of acid hits you!
The acid corrodes you!
You are splashed with acid!
The acid burns!
You die...

...P.# ##.## .....#
### .P.### ♣♣♣♣♣♣♣♣
≈.♣♣♣♣ ♣♣P≈≈♣..♣♣
.≈♣♣.♣♣♣♣≈≈≈≈.P..♣
≈.♣♣...♣≈..≈≈≈≈..♣♣
≈♣♣♣..♣♣.≈[♣♣P≈≈.≈♣
≈♣♣P.♣†.≈♣♣♣..≈†§§♣
(≈♣♣.♣..≈♣.♣♣P§§@§♣
..≈♣♣♣.≈≈≈♣♣.≈≈D§D♣
♣≈†♣♣P.≈≈♣♣♣≈≈≈≈≈.♣
.♣.≈♣♣≈≈P♣♣.≈.≈≈≈≈♣
[♣♣†≈≈..♣♣♣♣P≈≈≈≈≈♣
P.P♣≈≈.♣♣ .$.≈≈≈≈.♣
...P)≈♣♣ )?.≈≈≈≈.♣♣
♣.♣.≈≈♣ .?.≈≈≈≈.♣
♣♣...≈♣


You could see a fire dragon and an acid dragon.

Vanquished Creatures
  Snorg (Lair:4)
  The ghost of Huigg the Peltast, a journeyman GrFi of the Shining One (Lair:5)
  9 hydras
  Josephine (Lair:6)
  A death knight (D:10)
  5 two-headed ogres
  4 death yaks
  A centaur warrior (D:10)
  A shambling mangrove (Lair:5)
  A swamp dragon (Lair:6)
  A cyclops (D:11)
  An oklob plant (Lair:5)
  An ugly thing (D:10)
  2 manticores
  5 black mambas
  5 elephants
  2 torpor snails (Lair:6)
  A gargoyle (D:12)
  7 spiny frogs
  3 rime drakes
  9 komodo dragons
  4 polar bears (Lair:2)
  7 jumping spiders (Lair:3)
  A troll (D:12)
  A wandering mushroom (Lair:5)
  A hornet (D:9)
  6 slime creatures
  15 blink frogs
  5 dream sheep (Lair:5)
  7 hippogriffs
  A meliai zombie (D:12)
  3 redbacks (Lair:2)
  A vampire (D:12)
  5 wraiths
  2 shadows
  21 yaks
  Eustachio (D:6)
  A human (D:8)
  3 basilisks
  A fire elemental (Lair:1)
  A steam dragon (Lair:6)
  A hungry ghost (D:8)
  Grum (D:10)
  An acid dragon (Lair:6)
  Menkaure (D:6)
  6 water moccasins
  5 porcupines
  7 black bears
  4 ice beasts
  3 swamp drakes (Lair:6)
  2 sky beasts
  2 orc warriors
  A phantom (D:4)
  A necrophage (D:12)
  7 ogres
  2 centaurs
  7 wolves
  9 crocodiles
  5 big kobolds
  7 bullfrogs
  A water moccasin zombie (D:5)
  A wyvern skeleton (D:10)
  3 scorpions
  7 wights
  An electric eel (D:10)
  12 crimson imps
  A lava snake (Lair:1)
  A centaur zombie (D:6)
  2 centaur skeletons
  Crazy Yiuf (D:6)
  9 hounds
  2 gnoll shamans
  11 orc priests
  10 jellies
  Terence (D:3)
  Natasha (twice) (D:3)
  4 iguanas
  8 orc wizards
  7 worker ants
  12 gnolls
  10 adders
  2 shadow imps
  13 oozes
  An adder zombie (D:7)
  An adder skeleton (D:6)
  2 worms (D:2)
  4 dart slugs
  5 leopard geckos
  41 orcs
  5 giant cockroaches
  10 hobgoblins
  5 jackals
  31 kobolds
  3 quokkas
  9 bats
  A frilled lizard (D:5)
  6 goblins
  A jackal zombie (D:5)
  A leopard gecko skeleton (D:5)
  A leopard gecko zombie (D:3)
  10 rats
  A fungus (D:6)
480 creatures vanquished.

Vanquished Creatures (collateral kills)
  A wyvern (Lair:6)
1 creature vanquished.

Vanquished Creatures (others)
  Urug (Lair:6)
  An iguana (Lair:6)
  7 fungi
  A plant (Lair:5)
  2 withered plants (Lair:3)
12 creatures vanquished.

Grand Total: 493 creatures vanquished

Notes
Turn   | Place    | Note
-------+----------+-------------------------------------------
     0 | D:1      | HoaS the Gargoyle Berserker began the quest for the Orb.
     0 | D:1      | Reached XP level 1. HP: 14/14 MP: 1/1
    40 | D:1      | Reached XP level 2. HP: 8/19 MP: 2/2
   365 | D:1      | Reached XP level 3. HP: 22/23 MP: 3/3
   869 | D:2      | Reached ** piety under Trog
   915 | D:2      | Reached XP level 4. HP: 25/29 MP: 4/4
  1055 | D:2      | Reached skill level 4 in Unarmed Combat
  1326 | D:2      | You fall through a shaft for 2 floors!
  1437 | D:4      | Got a slimy leather armour
  1567 | D:3      | Noticed Natasha
  1572 | D:3      | Killed Natasha
  1572 | D:3      | Reached XP level 5. HP: 32/33 MP: 5/5
  1618 | D:3      | Found a blossoming altar of Fedhas.
  2074 | D:3      | Noticed Natasha
  2086 | D:3      | Killed Natasha
  2275 | D:3      | Noticed Terence
  2288 | D:3      | Killed Terence
  2302 | D:3      | Identified the cursed +0 leather armour of Surprise {rF++}
                  | (You found it on level 4 of the Dungeon)
  2490 | D:4      | Reached *** piety under Trog
  2570 | D:4      | Got a pitted plate armour
  2581 | D:4      | Identified the +10 plate armour "Ropluus" {MP+9 Str+5} (You
                  | found it on level 4 of the Dungeon)
  2924 | D:4      | Noticed a phantom
  2989 | D:4      | Killed a phantom
  2989 | D:4      | Reached skill level 5 in Unarmed Combat
  2989 | D:4      | Reached XP level 6. HP: 36/39 MP: 6/6
  3365 | D:5      | Entered Level 5 of the Dungeon
  3475 | D:5      | Reached XP level 7. HP: 43/44 MP: 7/7
  3661 | D:5      | Reached skill level 5 in Fighting
  3709 | D:5      | Reached skill level 6 in Unarmed Combat
  3895 | D:5      | Reached XP level 8. HP: 50/50 MP: 8/8
  4309 | D:6      | Reached skill level 5 in Armour
  4487 | D:6      | Noticed Menkaure
  4520 | D:5      | Reached skill level 7 in Unarmed Combat
  4634 | D:6      | Reached **** piety under Trog
  4772 | D:6      | Reached XP level 9. HP: 56/56 MP: 9/9
  4899 | D:6      | Noticed Eustachio
  4931 | D:6      | Killed Eustachio
  5000 | D:6      | Reached skill level 8 in Unarmed Combat
  5116 | D:6      | Killed Menkaure
  5275 | D:6      | Found a runed door.
  5279 | D:6      | Noticed Crazy Yiuf
  5286 | D:6      | Killed Crazy Yiuf
  5400 | D:7      | Noticed a two-headed ogre
  5423 | D:7      | Killed a two-headed ogre
  5423 | D:7      | Reached skill level 5 in Dodging
  5551 | D:7      | Found a staircase to the Ecumenical Temple.
  5581 | D:7      | Reached skill level 9 in Unarmed Combat
  6205 | D:8      | Noticed a two-headed ogre
  6226 | D:8      | Killed a two-headed ogre
  6226 | D:8      | Reached XP level 10. HP: 64/64 MP: 10/10
  6560 | D:8      | Reached skill level 10 in Unarmed Combat
  6584 | D:8      | Reached ***** piety under Trog
  7225 | D:9      | Found a staircase to the Lair.
  7593 | D:9      | Found Kyeshraocs's Distillery.
  7596 | D:9      | Bought a potion of haste for 130 gold pieces
  7596 | D:9      | Bought 2 potions of might for 104 gold pieces
  7703 | D:10     | Entered Level 10 of the Dungeon
  7793 | D:10     | Noticed a centaur warrior
  7805 | D:10     | Killed a centaur warrior
  7805 | D:10     | Reached XP level 11. HP: 25/69 MP: 11/11
  8065 | D:10     | Noticed a two-headed ogre
  8079 | D:10     | Killed a two-headed ogre
  8079 | D:10     | Reached skill level 11 in Unarmed Combat
  8080 | D:10     | Noticed a death knight
  8113 | D:10     | Killed a death knight
  8390 | D:10     | Noticed a white ugly thing
  8420 | D:10     | Killed a white ugly thing
  8656 | D:10     | Noticed a two-headed ogre
  8663 | D:10     | Killed a two-headed ogre
  8846 | D:10     | Received a gift from Trog
  8851 | D:10     | Noticed Grum
  8869 | D:10     | Killed Grum
  9203 | D:11     | Noticed a two-headed ogre
  9203 | D:11     | Noticed timruff's ghost (journeyman TrBe)
  9204 | D:11     | Noticed a minotaur
  9225 | D:11     | Noticed a two-headed ogre
  9227 | D:11     | Noticed a cyclops
  9251 | D:11     | Killed a two-headed ogre
  9259 | D:11     | Killed a cyclops
  9324 | D:11     | Noticed a five-headed hydra
  9333 | D:11     | Killed a five-headed hydra
  9333 | D:11     | Reached skill level 12 in Unarmed Combat
  9392 | D:11     | Found a staircase to the Orcish Mines.
  9473 | D:11     | Found a runed gate.
  9473 | D:11     | Found a runed gate.
  9473 | D:11     | Found a runed gate.
  9523 | D:11     | Received a gift from Trog
  9886 | D:12     | Reached XP level 12. HP: 71/77 MP: 12/12
  9914 | D:12     | Reached skill level 10 in Fighting
 10200 | D:12     | Got a spiked scale mail
 10201 | D:12     | Identified the +6 scale mail "Uxughun" {rElec MR- Int+7}
                  | (You found it on level 12 of the Dungeon)
 10632 | D:12     | Found an opulent altar of Gozag.
 10836 | Lair:1   | Entered Level 1 of the Lair of Beasts
 10930 | Lair:1   | Reached skill level 10 in Armour
 11522 | Lair:2   | Noticed an eight-headed hydra
 11565 | Lair:2   | Killed an eight-headed hydra
 11565 | Lair:2   | Reached skill level 13 in Unarmed Combat
 11582 | Lair:2   | Noticed a four-headed hydra
 11599 | Lair:2   | Killed a four-headed hydra
 11711 | Lair:2   | Found a staircase to the Shoals.
 12016 | Lair:2   | Reached ****** piety under Trog
 12016 | Lair:2   | Received a gift from Trog
 12016 | Lair:2   | Reached XP level 13. HP: 83/84 MP: 13/13
 12457 | Lair:3   | Found a hole to the Spider Nest.
 12595 | Lair:3   | Noticed NikiYani's ghost (journeyman DrEE)
 12596 | Lair:3   | Found a runed door.
 12663 | Lair:3   | Found the cursed +14 obsidian axe {chop, +Fly SInv *Curse}
 13000 | Lair:3   | Reached skill level 14 in Unarmed Combat
 13045 | Lair:3   | Found a shadowy altar of Dithmenos.
 14012 | Lair:4   | Noticed Snorg
 14033 | Lair:4   | Killed Snorg
 15314 | Lair:5   | Received a gift from Trog
 15396 | Lair:5   | Gained mutation: Your large and strong wings let you fly
                  | indefinitely. [Gargoyle growth]
 15396 | Lair:5   | Reached XP level 14. HP: 74/92 MP: 14/14
 15657 | Lair:5   | Found a runed door.
 15659 | Lair:5   | Noticed Huigg's ghost (journeyman GrFi)
 15786 | Lair:5   | Killed Huigg's ghost
 15786 | Lair:5   | Reached skill level 15 in Unarmed Combat
 15892 | Lair:5   | Found a staircase to the Slime Pits.
 16623 | Lair:6   | Entered Level 6 of the Lair of Beasts
 16623 | Lair:6   | Noticed Urug
 16630 | Lair:6   | Your ally died
 16890 | Lair:6   | Noticed Josephine
 16912 | Lair:6   | Killed Josephine
 17386 | Lair:6   | Received a gift from Trog
 17454 | Lair:6   | Splashed by an acid dragon's acid

Skill      XL: |  1  2  3  4  5  6  7  8  9 10 11 12 13 14 |
---------------+-------------------------------------------+-----
Dodging        | 2 3 4 5 6 7 8 9 |  9.7
Armour         | 3 4 5 7 8 9 10 11 12 | 12.4
Unarmed Combat | 4 5 6 7 9 10 12 13 14 15 | 15.5
Fighting       | 4 5 6 7 8 9 11 12 | 12.6

Action                   |  1- 3 |  4- 6 |  7- 9 | 10-12 | 13-15 || total
-------------------------+-------+-------+-------+-------+-------++-------
Melee: Unarmed           |   143 |   290 |   390 |   799 |   622 ||  2244
       Punch             |     2 |     3 |    12 |    44 |    49 ||   110
Invok: Berserk           |     1 |       |     5 |     5 |     3 ||    14
       Trog's Hand       |       |       |     2 |     3 |     2 ||     7
 Abil: Fly               |       |       |       |       |     1 ||     1
Evoke: Wand              |       |       |       |       |    29 ||    29
  Use: Scroll            |       |    12 |       |    17 |     6 ||    35
  Eat: Chunk             |     1 |     9 |    11 |    39 |    20 ||    80
       Ration            |       |       |     1 |       |       ||     1
Armor: Animal skin       |    26 |       |       |       |       ||    26
       Scale mail        |    57 |    80 |       |       |       ||   137
       Plate armour      |       |    64 |   317 |   507 |   570 ||  1458
Dodge: Dodged            |    95 |   129 |   254 |   499 |   408 ||  1385
